 Seeded DCSS version 0.29.1-15-g9cfb28693d (webtiles) character file.

Game seed: 16245865983455551772 (custom seed)

1617 Darius099 the Destroyer (level 8, -7/46 HPs)
             Began as an Octopode Conjurer on Mar 7, 2023.
             Was an Initiate of Sif Muna.
             Mangled by an orc warrior
             ... wielding a +0 long sword
              (15 damage)
             ... on level 7 of the Dungeon.
             The game lasted 00:28:02 (7554 turns).

Darius099 the Destroyer (Octopode Conjurer)         Turns: 7554, Time: 00:28:02

Health: -7/46      AC:  1    Str:  6    XL:     8   Next: 96%
Magic:  6/17       EV: 13    Int: 34    God:    Sif Muna [......]
Gold:   344        SH:  0    Dex: 11    Spells: 17/20 levels left

rFire   . . .      SeeInvis .   w - +3 scythe (flame)
rCold   . . .      Faith    .   (shield currently unavailable)
rNeg    . . .      Spirit   .   (helmet restricted)
rPois   .          Reflect  .   o - amulet of regeneration
rElec   .          Harm     .   f - +6 ring of intelligence
rCorr   .          Rampage  .   g - +6 ring of intelligence
Will    .....                   (no ring)
Stlth   ++++......              (no ring)
HPRegen 0.95/turn               (no ring)
MPRegen 0.15/turn               (no ring)
                                (no ring)
                                (no ring)

@: no status effects
A: almost no armour, amphibious, 8 rings, camouflage 1, gelatinous body 1,
(nimble swimmer 1), tentacles
a: Renounce Religion


You were on level 7 of the Dungeon.
You worshipped Sif Muna.
Sif Muna was noncommittal.
You visited 2 branches of the dungeon, and saw 8 of its levels.

You collected 344 gold pieces.

Inventory:

Hand Weapons
 w - a +3 scythe of flaming (weapon)
Armour
 q - a +0 kite shield
Jewellery
 f - a +6 ring of intelligence (left tentacle)
 g - a +6 ring of intelligence (right tentacle)
 o - an amulet of regeneration (around mantle)
 u - a ring of ice
Wands
 m - a wand of roots (14)
 y - a wand of flame (24)
Scrolls
 b - 4 scrolls of acquirement
 e - 5 scrolls of teleportation
 i - 2 scrolls of summoning {unknown}
 j - a scroll of enchant weapon {unknown}
 k - 4 scrolls of identify
 l - 2 scrolls of immolation {unknown}
 n - a scroll of noise {unknown}
 s - a scroll of silence {unknown}
 v - a scroll of butterflies {unknown}
 z - a scroll of amnesia {unknown}
Potions
 a - a potion of magic
 c - a potion of might {unknown}
 d - 2 potions of flight
 h - 2 potions of lignification
 p - a potion of berserk rage
 r - a potion of heal wounds {unknown}
 t - 3 potions of brilliance {unknown}
 x - a potion of curing {unknown}


   Skills:
 - Level 2.0 Dodging
 + Level 7.8 Stealth
 + Level 6.5 Spellcasting
 + Level 8.0 Conjurations


You had 17 spell levels left.
You knew the following spells:

 Your Spells              Type           Power      Damage    Failure   Level
a - Magic Dart            Conj           100%       1d8       1%          1
b - Searing Ray           Conj           100%       2d8       1%          2

Your spell library contained the following spells:

 Spells                   Type           Power      Damage    Failure   Level
 Dazzling Flash           Conj/Hex       76%        N/A       2%          3
 Sting                    Tmut/Pois      44%        1d5       3%          1
 Poisonous Vapours        Pois/Air       22%        N/A       6%          2
 Fulminant Prism          Conj/Hex       19%        3d11      8%          4
 Iskenderun's Mystic Bla  Conj/Tloc      38%        2d9       8%          4
 Confusing Touch          Hex            11%        N/A       12%         3
 Olgreb's Toxic Radiance  Pois           11%        N/A       36%         4
 Yara's Violent Unravell  Hex/Tmut       5%         3d4       71%         5
 Enfeeble                 Hex            5%         N/A       100%        7
 Chain Lightning          Conj/Air       19%        3d25      100%        9
 Fire Storm               Conj/Fire      19%        8d5       100%        9
 Shatter                  Erth           5%         3d8*      100%        9


Dungeon Overview and Level Annotations

Branches:
Dungeon (7/15)             Temple (1/1) D:5

Altars:
Cheibriados
Dithmenos
Elyvilon
Fedhas
Gozag
Kikubaaqudgha
Makhleb
Nemelex Xobeh
Sif Muna
Trog
Uskayaw
Vehumet
Wu Jian
Yredelemnul
Zin
The Shining One

Shops:
D:3 [   D:4 *:[


Innate Abilities, Weirdness & Mutations

You cannot wear most types of armour.
You are amphibious.
You can wear up to eight rings at the same time.
Your skin changes colour to match your surroundings (Stealth+).
Your rubbery body absorbs attacks. (AC +1, EV +1)
((You are camouflaged when in or above water. (Stealth+)))
You have tentacles for arms and can constrict up to eight enemies at once.


Message History

Casting: Searing Ray (safe; 1% risk of failure)
Confirm with . or Enter, or press ? or * to list all spells.
Aiming: Searing Ray (safe; 1% risk of failure)
Press: ? - help, Shift-Dir - straight line, f - orc warrior
Aim: an orc warrior, wielding a +0 long sword and wearing a +0 plate armour (83% to hit)
The searing ray hits the orc warrior.
The orc warrior is lightly wounded. (Press . to maintain the ray.)
The searing ray hits the orc warrior.
The orc warrior is moderately wounded.
The searing ray hits the orc warrior!
The orc warrior is heavily wounded.
The orc warrior hits you with a +0 long sword.
The searing ray hits the orc warrior.
The orc warrior is heavily wounded.
You finish channelling your searing ray.
The orc warrior barely misses you.
Casting: Searing Ray (safe; 1% risk of failure)
Confirm with . or Enter, or press ? or * to list all spells.
Aiming: Searing Ray (safe; 1% risk of failure)
Press: ? - help, Shift-Dir - straight line, f/p - orc warrior
Aim: an orc warrior, wielding a +0 long sword and wearing a +0 plate armour (heavily wounded, 83% to hit)
The searing ray hits the orc warrior but does no damage.
The orc warrior is heavily wounded. (Press . to maintain the ray.)
The orc warrior hits you with a +0 long sword!
The searing ray misses the orc warrior.
The orc warrior closely misses you.
The searing ray hits the orc warrior.
The orc warrior is severely wounded.
The orc warrior hits you with a +0 long sword!
The searing ray hits the orc warrior but does no damage.
The orc warrior is severely wounded.
You finish channelling your searing ray.
The orc warrior hits you with a +0 long sword!
* * * LOW HITPOINT WARNING * * *
You barely miss the orc warrior. Your grab misses the orc warrior.
You squeeze the orc warrior, but do no damage.
The orc warrior is severely wounded.
The orc warrior hits you with a +0 long sword!
You die...

.. #. #.
######.##
........#
........#
........########
.!......@o.))..#
.......<######.#
.....#..# # ####
#..# #..# ...#
..... ...!.
#.##.#


You could see an orc warrior.

Vanquished Creatures
  Sigmund (D:5)
  A water moccasin (D:6)
  An orc warrior (D:6)
  A black bear (D:5)
  An ogre (D:4)
  A phantom (D:6)
  A centaur (D:5)
  A kobold brigand (D:6)
  2 bullfrogs (D:6)
  A necrophage (D:4)
  3 scorpions
  An orc priest (D:3)
  3 hounds
  An iron imp (D:4)
  Jessica (D:2)
  2 iguanas
  2 orc wizards (D:3)
  Natasha (twice) (D:3)
  A hound skeleton (D:4)
  4 gnolls (D:6)
  5 adders
  A white imp (D:5)
  A dart slug (D:5)
  10 orcs
  6 ball pythons
  3 bats
  8 endoplasms
  A giant cockroach (D:4)
  5 goblins
  8 hobgoblins
  4 quokkas
  3 frilled lizards
  12 kobolds
  7 rats
105 creatures vanquished.

Vanquished Creatures (others)
  4 plants (D:7)
4 creatures vanquished.

Grand Total: 109 creatures vanquished

Notes
Turn   | Place    | Note
-------+----------+-------------------------------------------
     0 | D:1      | Darius099 the Octopode Conjurer began the quest for the
                  | Orb.
     0 | D:1      | Reached XP level 1. HP: 11/11 MP: 3/3
   102 | D:1      | Reached XP level 2. HP: 12/17 MP: 0/5
   255 | D:1      | Found a faded altar of an unknown god.
  1183 | D:1      | Reached XP level 3. HP: 21/21 MP: 3/6
  1272 | D:2      | Learned a level 2 spell: Searing Ray
  1579 | D:2      | Noticed Jessica
  1580 | D:2      | Killed Jessica
  1581 | D:2      | Reached XP level 4. HP: 27/27 MP: 5/8
  2007 | D:3      | Reached skill level 5 in Conjurations
  2128 | D:3      | Noticed Natasha
  2131 | D:3      | Killed Natasha
  2132 | D:3      | Reached XP level 5. HP: 31/31 MP: 6/10
  2367 | D:3      | Found Ymmy Ciutu's Antique Armour Shoppe.
  2862 | D:3      | Noticed Natasha
  2867 | D:3      | Killed Natasha
  2868 | D:3      | Reached XP level 6. HP: 30/36 MP: 6/12
  3134 | D:4      | Found Gamycsypi's Antique Armour Boutique.
  3192 | D:4      | Found Tuuwolaw's General Store.
  3214 | D:4      | Found a snail-covered altar of Cheibriados.
  3223 | D:4      | Reached skill level 6 in Conjurations
  3577 | D:4      | Found a burning altar of Makhleb.
  3729 | D:4      | Found a shadowy altar of Dithmenos.
  3852 | D:4      | Reached XP level 7. HP: 23/41 MP: 5/14
  3997 | D:4      | Found Koenoidu's Book Boutique.
  4032 | D:5      | Entered Level 5 of the Dungeon
  4034 | D:5      | Noticed Sigmund
  4151 | D:4      | Reached skill level 5 in Spellcasting
  4232 | D:5      | Found a glowing silver altar of Zin.
  4541 | D:5      | Reached skill level 5 in Stealth
  5097 | D:5      | HP: 1/41 [something (5)]
  5099 | D:5      | Killed Sigmund
  5100 | D:5      | Reached skill level 7 in Conjurations
  5100 | D:5      | Reached XP level 8. HP: 3/46 MP: 10/16
  5214 | D:5      | Found a staircase to the Ecumenical Temple.
  5223 | Temple   | Entered the Ecumenical Temple
  5354 | Temple   | Became a worshipper of Sif Muna the Loreminder
  5985 | D:5      | Identified 3 scrolls of acquirement
  7356 | D:6      | Reached skill level 8 in Conjurations
  7554 | D:7      | Mangled by an orc warrior

Illustrated notes

Levels and vault maps discovered:
D:1:      minmay_arrival_hallway, layout_loops_corners, basic_ecumenical_altar,
          minmay_unequal
D:2:      layout_loops_ring, uniq_jessica
D:3:      layout_basic, serial_shops, nicolae_shop_advertising_works
          [nicolae_subvault_shop_adworks], minmay_shallow_snake_nest,
          uniq_natasha
D:4:      layout_rooms, grunt_dithmenos_smoke_and_mirrors,
          makhleb_blood_cavern_becter, slow_altar_1, serial_shops,
          nicolae_square_shop, nicolae_shop_temple_entry_statues_fountains,
          kennysheep_mini_moat, chequers_serial_rivers_large_a,
          minmay_fractal_squares_gapless_5
D:5:      layout_layer_cave, mainiacjoe_overflow_cross_hatched,
          lemuel_temple_firewalk_b, uniq_sigmund
D:6:      layout_basic
D:7:      layout_basic, nicolae_hepliaklqana_hazy_memory, serial_shops,
          nicolae_stop_n_shop_2
Temple:   nicolae_temple_bog_church

Skill      XL: |  1  2  3  4  5  6  7  8 |
---------------+-------------------------+-----
Spellcasting   | 3 4 5 6 |  6.5
Conjurations   | 5 6 7 8 |  8.0
Stealth        | 4 5 7 |  7.8
Dodging        | |  2.0

Action                   |  1- 3 |  4- 6 |  7- 9 || total
-------------------------+-------+-------+-------++-------
Melee: Unarmed           |    12 |     3 |       ||    15
       Tentacles         |     3 |     2 |     4 ||     9
       Constrict         |     3 |     1 |     2 ||     6
       Halberd           |       |       |     7 ||     7
 Cast: Magic Dart        |    35 |   106 |    76 ||   217
       Searing Ray       |     1 |     4 |    19 ||    24
  Use: Scroll            |       |       |     5 ||     5
Armor: Skin              |     2 |     1 |     1 ||     4
Dodge: Dodged            |    11 |    16 |    39 ||    66
